 Dungeon Crawl Stone Soup version 0.16.0 (webtiles) character file.

521 Fiveotanaka the Basher (level 7, -2/70 HPs)
             Began as an Ogre Berserker on Mar 20, 2015.
             Was a Priest of Trog.
             Slain by Grinder (9 damage)
             ... while paralysed by Grinder
             ... on level 4 of the Dungeon.
             The game lasted 00:05:48 (2687 turns).

Fiveotanaka the Basher (Ogre Berserker)             Turns: 2687, Time: 00:05:48

Health: -2/70      AC:  3    Str: 23    XL:     7   Next: 21%
Magic:  7/7        EV:  1    Int: 11    God:    Trog [***...]
Gold:   99         SH:  0    Dex: 11    Spells: 0 memorised, 6 levels left

rFire  . . .     SeeInvis .     m - +0 flail
rCold  . . .     Clarity  .     b - +0 animal skin
rNeg   . . .     SustAb   .     (shield restricted)
rPois  .         Gourm    .     (helmet restricted)
rElec  .         Spirit   .     (no cloak)
rCorr  .         Warding  .     (gloves unavailable)
rMut   .         Stasis   .     (boots unavailable)
MR     .....                    (no amulet)
Stlth  +.........               (no ring)
                                l - ring of flight

@: paralysed, brilliant, not resistant to hostile enchantments, very unstealthy
A: unfitting armour, tough skin 1
a: Burn Spellbooks, Berserk, Trog's Hand, Renounce Religion, Evoke Flight


You were on level 4 of the Dungeon.
You worshipped Trog.
Trog was most pleased with you.
You were hungry.

You visited 1 branch of the dungeon, and saw 4 of its levels.

You collected 99 gold pieces.

Inventory:

Hand weapons
 m - a +0 flail (weapon)
Missiles
 h - 91 stones (quivered)
Armour
 b - a +0 animal skin (worn)
Jewellery
 l - a ring of flight (left hand)
Magical devices
 p - a wand of confusion (15)
 s - a wand of polymorph (7)
Scrolls
 d - a scroll of magic mapping
 e - a scroll of fog {unknown}
 g - 2 scrolls of identify
 j - 2 scrolls of teleportation {unknown}
 n - 2 scrolls of enchant armour {unknown}
 r - a scroll of blinking {unknown}
Potions
 f - a potion of curing {unknown}
 k - a potion of brilliance
 q - a potion of beneficial mutation {unknown}
 t - a potion of heal wounds
 u - a potion of agility {unknown}
Comestibles
 a - a royal jelly
 c - 2 meat rations
 i - 2 bread rations
 o - a beef jerky


   Skills:
 - Level 4.0 Fighting
 + Level 10.4 Maces & Flails
 - Level 1.5 Armour
 - Level 1.7 Dodging


You had 6 spell levels left.
You didn't know any spells.

Dungeon Overview and Level Annotations

Branches:
Dungeon (4/15)
 Temple: D:4-7

Altars:
Dithmenos
Kikubaaqudgha

Annotations:
D:4 Grinder, Sigmund


Innate Abilities, Weirdness & Mutations

You are too large for most types of armour.
You have tough skin (AC +1).


Message History

Drink which item? (? for menu, Esc to quit)
It was a potion of heal wounds.
You feel much better. Sigmund casts a spell at you. The magic dart hits you!
Grinder says, "What is the universe for?"
You hit Grinder but do no damage.
Grinder is severely wounded.
Sigmund casts a spell.
Sigmund flickers and vanishes!
Deactivating autopickup; reactivate with Ctrl-A.
Grinder hits you!
* * * LOW HITPOINT WARNING * * *
You writhe in agony. x2
Grinder gestures at you.
You suddenly lose the ability to move!
Grinder hits you but does no damage. Something hits you!
* * * LOW HITPOINT WARNING * * *
Grinder hits you!
You die...

.....# ### .....# #.. .....#
..# ...#.##### ##+### ..#
####...<.# ##....# ..#
.############.....###..###.#
............#.....#........#
#)#########.#...###.########.
................@5...........
##.########.....###.#########
##.########.#...###'##
##.#.....#####.......#
.........+...........#
##.......####........#
##......# #.....#### #).#####
#.....# ##.# #.....#


You could see Grinder.

Vanquished Creatures
  A hippogriff (D:4)
  Duvessa (D:4)
  Dowan (D:4)
  A hound (D:4)
  A centaur skeleton (D:4)
  Natasha (D:4)
  A worker ant (D:4)
  Ijyb (D:4)
  Robin (D:2)
  3 gnolls (D:2)
  3 adders
  A giant mite (D:3)
  2 giant geckos
  An orc (D:3)
  7 giant cockroaches
  12 hobgoblins
  2 jackals (D:4)
  4 kobolds
  An ooze (D:2)
  2 ball pythons
  5 bats
  A giant gecko skeleton (D:4)
  5 giant newts
  10 goblins
  7 rats
75 creatures vanquished.

Notes
Turn   | Place    | Note
--------------------------------------------------------------
     0 | D:1      | Fiveotanaka, the Ogre Berserker, began the quest for the Orb.
     0 | D:1      | Reached XP level 1. HP: 24/24 MP: 1/1
   144 | D:1      | Reached XP level 2. HP: 16/32 MP: 2/2
   459 | D:2      | Reached skill level 5 in Maces & Flails
   535 | D:2      | Found an ancient bone altar of Kikubaaqudgha.
   548 | D:2      | Acquired Trog's second power
   573 | D:2      | Reached XP level 3. HP: 29/39 MP: 3/3
   583 | D:2      | Noticed Robin
   593 | D:2      | Killed Robin
   740 | D:2      | Reached skill level 6 in Maces & Flails
   742 | D:2      | Reached XP level 4. HP: 17/48 MP: 4/4
  1654 | D:3      | Reached skill level 7 in Maces & Flails
  1674 | D:3      | Found a shadowy altar of Dithmenos.
  1796 | D:3      | Reached XP level 5. HP: 48/54 MP: 5/5
  2197 | D:4      | Noticed Natasha
  2200 | D:4      | Killed Natasha
  2347 | D:4      | Noticed Ijyb
  2349 | D:4      | Noticed Duvessa
  2351 | D:4      | Noticed Dowan
  2351 | D:4      | Killed Ijyb
  2351 | D:4      | Reached skill level 8 in Maces & Flails
  2354 | D:4      | Killed Duvessa
  2354 | D:4      | Reached XP level 6. HP: 62/62 MP: 6/6
  2360 | D:4      | Reached skill level 9 in Maces & Flails
  2362 | D:4      | Killed Dowan
  2405 | D:4      | Noticed a hippogriff
  2413 | D:4      | Killed a hippogriff
  2413 | D:4      | Reached skill level 10 in Maces & Flails
  2413 | D:4      | Reached XP level 7. HP: 49/70 MP: 7/7
  2665 | D:4      | Noticed Grinder
  2673 | D:4      | Noticed Sigmund
  2684 | D:4      | Paralysed by Grinder for 7 turns
  2687 | D:4      | Slain by Grinder

Action                   |  1- 3 |  4- 6 |  7- 9 || total
-------------------------+-------+-------+-------++-------
Melee: Mace              |    62 |     4 |       ||    66
       Flail             |       |    78 |    24 ||   102
  Use: Scroll            |       |     1 |       ||     1
       Potion            |       |       |     2 ||     2
  Eat: Chunk             |       |     5 |       ||     5
